 Dungeon Crawl Stone Soup version 0.30.0-15-g856e2d3f33 (webtiles) character file.

Game seed: 5216140055758869902

261 booth the Chopper (level 6, -4/41 (51) HPs)
             Began as a Gnoll Reaver on May 19, 2023.
             Slain by a scorpion (5 damage)
             ... on level 3 of the Dungeon.
             The game lasted 00:19:05 (3076 turns).

booth the Chopper (Gnoll Reaver)                    Turns: 3076, Time: 00:19:05

HP:   -4/41 (51)    AC:  4    Str: 14    XL:     6   Next: 18%
MP:   13/14         EV: 12    Int: 12    God:
Gold: 153           SH:  4    Dex: 10    Spells: 9/15 levels left

rFire   . . .        a - +0 hand axe
rCold   . . .        j - +0 buckler
rNeg    . . .        b - +0 leather armour
rPois   .            (no helmet)
rElec   .            h - +0 cloak
rCorr   .            (no gloves)
SInv    .            (no boots)
Will    .....        (no amulet)
Stlth   +            (no ring)
HPRegen 0.26/turn    (no ring)
MPRegen 0.14/turn

%: no passive effects
@: lethally poisoned (-4 -> -8), heavily drained
A: fangs 1, strong nose, distributed training
a: no special abilities


You were on level 3 of the Dungeon.
You visited 1 branch of the dungeon, and saw 3 of its levels.

You collected 153 gold pieces.

Inventory:

Hand Weapons
 a - a +0 hand axe (weapon)
 c - a +0 flail
 k - a +0 mace
Missiles
 m - 6 poisoned darts
Armour
 b - a +0 leather armour (worn)
 h - a +0 cloak (worn)
 j - a +0 buckler (worn)
Wands
 g - a wand of iceblast (7)
Scrolls
 d - a scroll of vulnerability
 f - a scroll of identify
 i - 2 scrolls of torment
 l - a scroll of immolation {unknown}
 n - a scroll of teleportation
 o - a scroll of butterflies
Potions
 e - a potion of resistance
 p - a potion of invisibility {unknown}
 q - a potion of curing


   Skills:
 + Level 5.0 Fighting
 + Level 1.9 Short Blades
 + Level 1.9 Long Blades
 + Level 6.8 Axes
 + Level 1.9 Maces & Flails
 + Level 1.9 Polearms
 + Level 1.9 Staves
 + Level 1.9 Ranged Weapons
 + Level 1.9 Throwing
 + Level 1.9 Armour
 + Level 5.0 Dodging
 + Level 1.9 Stealth
 + Level 1.9 Shields
 + Level 1.9 Unarmed Combat
 + Level 5.3 Spellcasting
 + Level 5.6 Conjurations
 + Level 1.5 Hexes
 + Level 1.5 Summonings
 + Level 1.5 Necromancy
 + Level 1.5 Translocations
 + Level 1.5 Transmutations
 + Level 1.5 Fire Magic
 + Level 1.5 Ice Magic
 + Level 1.5 Air Magic
 + Level 1.5 Earth Magic
 + Level 1.5 Poison Magic
 + Level 2.1 Invocations
 + Level 1.9 Evocations


You had 9 spell levels left.
You knew the following spells:

 Your Spells              Type           Power      Damage    Failure   Level
a - Kiss of Death         Conj/Necr      44%        2d8       8%          1
b - Momentum Strike       Conj/Tloc      22%        3d8       11%         2
c - Hailstorm             Conj/Ice       11%        3d5       22%         3

Your spell library contained the following spells:

 Spells                   Type           Power      Damage    Failure   Level


Dungeon Overview and Level Annotations

Branches:
Dungeon (3/15)

Altars:
Makhleb
Qazlal
Xom


Innate Abilities, Weirdness & Mutations

You have very sharp teeth.
Your uncanny sense of smell can sniff out nearby items.
Your experience applies equally to all skills.


Message History

The scorpion stings you.
You closely miss the scorpion.
The scorpion is lightly wounded.
The scorpion stings you.
You are poisoned.
The scorpion poisons you!
You barely miss the scorpion.
The scorpion is lightly wounded.
You feel very sick.
The scorpion stings you but does no damage.
You hit the scorpion but do no damage.
The scorpion is lightly wounded.
You feel sick. The scorpion stings you!
* * * LOW HITPOINT WARNING * * *
You are more poisoned.
The scorpion poisons you! You block the scorpion's attack.
You hit the scorpion.
The scorpion is moderately wounded.
* * * LOW HITPOINT WARNING * * *
You feel very sick. The scorpion closely misses you.
* * * LOW HITPOINT WARNING * * *
You feel sick.
You hit the scorpion.
The scorpion is moderately wounded.
* * * LOW HITPOINT WARNING * * *
You feel very sick. The scorpion stings you.
* * * LOW HITPOINT WARNING * * *
Casting: Kiss of Death (safe; 8% risk of failure)
Confirm with . or Enter, or press ? or * to list all spells.
Aiming: Kiss of Death (safe; 8% risk of failure)
Press: ? - help, Shift-Dir - straight line, f - scorpion
Aim: a scorpion (moderately wounded, 100% to hit)
The negative energy hits the scorpion!
The scorpion is drained!
The scorpion is almost dead.
You feel drained.
* * * LOW HITPOINT WARNING * * *
You feel sick. You block the scorpion's attack. The scorpion stings you.
You die...

<#......############.#.###.......
##..........[............#.######
...............(.........#.######
##...............................
#.....#####.#######.....#.######
#.##### #.# ####.......... #.#
#.# #.##.###### #.# #.#####
#.##.###### #.# #....@#
#.##....... #.# #####s#
#.######### #.# #.# #.# #.# #.#
#.# #.# #.# #.# #.# #..#####.#
#.# ##....[..# #.# ######..# #.#
#.......#


You could see a scorpion (drained).

Vanquished Creatures
  2 orc priests (D:2)
  An iron imp (D:3)
  Terence (D:2)
  An orc wizard (D:2)
  4 gnolls (D:2)
  3 adders (D:2)
  2 worms (D:2)
  A dart slug (D:2)
  An orc (D:2)
  4 bats
  3 endoplasms
  2 goblins
  6 hobgoblins
  3 jackals (D:1)
  4 kobolds
  6 quokkas
  4 ball pythons
  A frilled lizard (D:2)
  5 rats
54 creatures vanquished.

Notes
Turn   | Place    | Note
-------+----------+-------------------------------------------
     0 | D:1      | booth the Gnoll Reaver began the quest for the Orb.
     0 | D:1      | Reached XP level 1. HP: 20/20 MP: 6/6
   181 | D:1      | Reached XP level 2. HP: 26/26 MP: 7/7
   184 | D:1      | Learned a level 2 spell: Momentum Strike
   402 | D:1      | Found a faded altar of an unknown god.
   874 | D:2      | Noticed Terence
   890 | D:2      | Killed Terence
   891 | D:2      | Reached skill level 1 in Short Blades
   891 | D:2      | Reached skill level 1 in Long Blades
   891 | D:2      | Reached skill level 1 in Maces & Flails
   891 | D:2      | Reached skill level 1 in Polearms
   891 | D:2      | Reached skill level 1 in Staves
   891 | D:2      | Reached skill level 1 in Ranged Weapons
   891 | D:2      | Reached skill level 1 in Throwing
   891 | D:2      | Reached skill level 1 in Armour
   891 | D:2      | Reached skill level 1 in Stealth
   891 | D:2      | Reached skill level 1 in Shields
   891 | D:2      | Reached skill level 1 in Unarmed Combat
   891 | D:2      | Reached skill level 5 in Spellcasting
   891 | D:2      | Reached skill level 1 in Invocations
   891 | D:2      | Reached skill level 1 in Evocations
   891 | D:2      | Reached XP level 3. HP: 29/31 MP: 5/9
   895 | D:2      | Learned a level 3 spell: Hailstorm
  1004 | D:2      | Reached XP level 4. HP: 20/38 MP: 11/11
  1095 | D:2      | Reached skill level 1 in Hexes
  1095 | D:2      | Reached skill level 1 in Summonings
  1095 | D:2      | Reached skill level 1 in Necromancy
  1095 | D:2      | Reached skill level 1 in Translocations
  1095 | D:2      | Reached skill level 1 in Transmutations
  1095 | D:2      | Reached skill level 1 in Fire Magic
  1095 | D:2      | Reached skill level 1 in Ice Magic
  1095 | D:2      | Reached skill level 1 in Air Magic
  1095 | D:2      | Reached skill level 1 in Earth Magic
  1095 | D:2      | Reached skill level 1 in Poison Magic
  1425 | D:2      | Reached XP level 5. HP: 43/43 MP: 12/12
  1506 | D:2      | HP: 2/43 [something (2)]
  1949 | D:3      | Reached XP level 6. HP: 46/46 MP: 13/13
  2238 | D:3      | Found a burning altar of Makhleb.
  2313 | D:3      | HP: 1/46 [iron imp (8)]
  2783 | D:3      | Found a shimmering altar of Xom.
  2792 | D:3      | Found a stormy altar of Qazlal.
  2804 | D:3      | Reached skill level 5 in Fighting
  2804 | D:3      | Reached skill level 5 in Dodging
  3075 | D:3      | HP: 2/49 [scorpion (5)]
  3076 | D:3      | Slain by a scorpion

Illustrated notes

Levels and vault maps discovered:
D:1:      giann_forest_graveyard, layout_basic,
          shapermc_ecumenical_altar_pompeii
D:2:      layout_rooms, uniq_terence
D:3:      layout_basic, demons_altar, mainiacjoe_overflow_large_starburst

Skill      XL: |  1  2  3  4  5  6 |
---------------+-------------------+-----
Short Blades   | 1 |  1.9
Long Blades    | 1 |  1.9
Maces & Flails | 1 |  1.9
Polearms       | 1 |  1.9
Staves         | 1 |  1.9
Ranged Weapons | 1 |  1.9
Throwing       | 1 |  1.9
Armour         | 1 |  1.9
Stealth        | 1 |  1.9
Shields        | 1 |  1.9
Unarmed Combat | 1 |  1.9
Spellcasting   | 5 |  5.3
Invocations    | 1 2 |  2.1
Evocations     | 1 |  1.9
Hexes          | 1 |  1.5
Summonings     | 1 |  1.5
Necromancy     | 1 |  1.5
Translocations | 1 |  1.5
Transmutations | 1 |  1.5
Fire Magic     | 1 |  1.5
Ice Magic      | 1 |  1.5
Air Magic      | 1 |  1.5
Earth Magic    | 1 |  1.5
Poison Magic   | 1 |  1.5
Fighting       | 5 |  5.0
Dodging        | 5 |  5.0
Axes           | |  6.8
Conjurations   | |  5.6

Action                     |  1- 3 |  4- 6 || total
---------------------------+-------+-------++-------
  Melee: Hand axe          |    91 |   188 ||   279
         Bite              |     5 |    20 ||    25
   Cast: Momentum Strike   |     1 |       ||     1
         Kiss of Death     |       |     3 ||     3
    Use: Scroll            |     3 |     3 ||     6
         Potion            |     1 |     4 ||     5
   Stab: Sleeping          |       |     2 ||     2
 Armour: Leather armour    |    30 |    32 ||    62
         Skin              |       |    16 ||    16
  Dodge: Dodged            |    66 |    83 ||   149
  Block: Buckler           |     2 |    35 ||    37
